 Dungeon Crawl Stone Soup version 0.17.0-27-g4a3f43e (webtiles) character file.

354 oplop the Changer (level 6, -1/27 HPs)
             Began as a Felid Transmuter on Nov 21, 2015.
             Slain by oplop's ghost (9 damage)
             ... on level 5 of the Dungeon.
             The game lasted 00:10:54 (3087 turns).

oplop the Changer (Felid Transmuter)                Turns: 3087, Time: 00:10:54

Health: -1/27      AC:  2    Str:  8    XL:     6   Next: 35%
Magic:  4/11       EV: 24    Int: 15    God:
Gold:   140        SH:  0    Dex: 21    Spells: 4 memorised, 1 level left
                                        Lives:  0   Deaths: 1

rFire  . . .     SeeInvis +       - Unarmed
rCold  . . .     Clarity  .     (armour unavailable)
rNeg   . . .     SustAt   .     (shield unavailable)
rPois  x         Gourm    .     (helmet unavailable)
rElec  .         Spirit   .     (cloak unavailable)
rCorr  .         Warding  .     (gloves unavailable)
rMut   .         Stasis   .     (boots unavailable)
MR     .....                    (no amulet)
Stlth  ++........               (no ring)
                                (no ring)

@: spider-form (expiring), not resistant to hostile enchantments, unstealthy
A: no armour, no weapons or thrown items, (claws 0), (fangs 0), see invisible,
carnivore 3, (speed 0), (shaggy fur 0), slow metabolism 1, (sharp paws)
a: End Transformation


You were on level 5 of the Dungeon.
You were not hungry.
You were a venomous arachnid creature.
You visited 1 branch of the dungeon, and saw 5 of its levels.

You collected 140 gold pieces.

Inventory:

Missiles
 e - 15 arrows
Wands
 u - a wand of confusion (21)
 v - a wand of slowing (19)
Scrolls
 f - 2 scrolls of fog {unknown}
 j - 2 scrolls of teleportation {unknown}
 k - a scroll of recharging {unknown}
 m - a scroll of blinking {unknown}
 n - a scroll of enchant weapon {unknown}
 o - 2 scrolls of remove curse {unknown}
 p - a scroll of magic mapping {unknown}
 s - a scroll of enchant armour {unknown}
Potions
 a - a potion of degeneration {unknown}
 d - a potion of curing {unknown}
 g - 2 potions of invisibility
 h - a potion of heal wounds
 i - a potion of flight {unknown}
 l - 2 potions of might
 t - 2 potions of magic
 w - a potion of brilliance {unknown}
 x - 2 potions of haste
 z - a potion of lignification {unknown}
Books
 b - a book of Changes

   Spells                             Type                      Level
   a - Beastly Appendage              Transmutation                1
   b - Sticks to Snakes               Transmutation                2
   c - Spider Form                    Transmutation/Poison         3
   d - Ice Form                       Ice/Transmutation            4
   e - Blade Hands                    Transmutation                5
Comestibles
 c - 2 meat rations
 q - a slice of pizza
 r - a royal jelly


   Skills:
 + Level 2.6 Fighting
 + Level 4.6 Dodging
 + Level 4.0 Unarmed Combat
 + Level 3.0 Spellcasting
 * Level 4.6 Transmutations
 * Level 0.6 Ice Magic
 - Level 2.1 Poison Magic


You had one spell level left.
You knew the following spells:

 Your Spells              Type           Power        Failure   Level  Hunger
a - Beastly Appendage     Trmt           ###...       12%         1    #......
b - Sticks to Snakes      Trmt           ###.......   17%         2    ##.....
c - Spider Form           Trmt/Pois      ##........   36%         3    ###....
d - Ice Form              Ice/Trmt       ##......     91%         4    #####..


Dungeon Overview and Level Annotations

Branches:
Dungeon (5/15)
 Temple: D:4-7

Altars:
Kikubaaqudgha
Vehumet
The Shining One

Annotations:
D:5 exclusion: hungry ghost, oplop's ghost, amateur FeTm


Innate Abilities, Weirdness & Mutations

You cannot wear armour.
You are incapable of wielding weapons or throwing items.
((You have sharp claws.))
((You have razor-sharp teeth.))
You have supernaturally acute eyesight.
You are carnivorous and can eat meat at any time.
((You cover ground quickly.))
((You are covered in thick fur (AC +2).))
You have a slow metabolism.
((Your sharp claws are effective at attacking unaware monsters.))


Message History

Confirm with . or Enter, or press ? or * to list all spells.
You create a snake!
Casting: Sticks to Snakes
Confirm with . or Enter, or press ? or * to list all spells.
You create a snake!
Oplop's ghost misses you.
Casting: Sticks to Snakes
Confirm with . or Enter, or press ? or * to list all spells.
You turn into a venomous arachnid creature.
Oplop's ghost hits you!
* * * LOW HITPOINT WARNING * * *
Unknown command.
You barely miss oplop's ghost.
Your ball python misses oplop's ghost.
Oplop's ghost misses you.
Unknown command.
You barely miss oplop's ghost.
Your transformation is almost over.
Your ball python barely misses oplop's ghost.
Your ball python completely misses oplop's ghost.
Oplop's ghost hits you!
You die...

####### #.....# #####
#########.....## #....
...............# #....
...............#####....
.......SW#..............
.......sS#..............
.....>...+............).
.........###..........##
..............####......
..).....................
..........###...........
..####....# ............
.. #....# ............
...........


You could see oplop's ghost and 2 friendly ball pythons.

Vanquished Creatures
  A centaur (D:5)
  An ogre (D:5)
  A scorpion (D:5)
  An orc priest (D:4)
  2 orc wizards (D:4)
  2 worker ants
  A hound skeleton (D:4)
  3 adders
  An ooze (D:3)
  3 giant geckos
  11 orcs
  2 bats
  6 goblins
  6 hobgoblins
  4 jackals (D:1)
  4 kobolds
  2 quokkas
  A ball python (D:3)
  3 giant cockroaches
  A giant gecko skeleton (D:4)
  4 giant newts
  6 rats
66 creatures vanquished.

Vanquished Creatures (collateral kills)
  An adder (D:2)
  2 orcs (D:3)
  A rat (D:2)
4 creatures vanquished.

Grand Total: 70 creatures vanquished

Notes
Turn   | Place    | Note
--------------------------------------------------------------
     0 | D:1      | oplop the Felid Transmuter began the quest for the Orb.
     0 | D:1      | Reached XP level 1. HP: 9/9 MP: 4/4
    74 | D:1      | Reached XP level 2. HP: 5/12 MP: 4/6
   535 | D:2      | Learned a level 2 spell: Sticks to Snakes
   556 | D:2      | Reached XP level 3. HP: 15/15 MP: 3/7
   719 | D:2      | Found a glowing golden altar of the Shining One.
  1373 | D:3      | Learned a level 3 spell: Spider Form
  1507 | D:3      | Reached XP level 4. HP: 15/19 MP: 6/8
  2238 | D:4      | Reached skill level 1 in Poison Magic
  2238 | D:4      | Reached XP level 5. HP: 22/22 MP: 5/9
  2260 | D:4      | Reached skill level 4 in Dodging
  2750 | D:5      | Entered Level 5 of the Dungeon
  2767 | D:5      | Noticed a centaur
  2768 | D:5      | HP: 1/22 [poisoned by a worker ant]
  2768 | D:5      | Shot with an arrow by a centaur
  2769 | D:5      | Reached XP level 4. HP: -4/19 MP: 9/9
  2769 | D:5      | Found a radiant altar of Vehumet.
  2778 | D:5      | Found an ancient bone altar of Kikubaaqudgha.
  2792 | D:5      | Reached XP level 5. HP: 22/22 MP: 7/10
  2856 | D:5      | Noticed a hungry ghost
  2875 | D:5      | Killed a centaur
  2875 | D:5      | Gained mutation: You are covered in thick fur (AC +2). [Felid growth]
  2875 | D:5      | Reached XP level 6. HP: 18/27 MP: 8/11
  2895 | D:5      | Learned a level 4 spell: Ice Form
  2920 | D:5      | Noticed oplop's ghost (amateur FeTm)
  2924 | D:5      | Noticed an ogre
  3059 | D:5      | Killed an ogre
  3087 | D:5      | Slain by oplop's ghost

Action                   |  1- 3 |  4- 6 || total
-------------------------+-------+-------++-------
Melee: Unarmed           |   109 |    89 ||   198
 Cast: Beastly Appendage |    24 |     1 ||    25
       Sticks to Snakes  |    12 |     2 ||    14
       Spider Form       |       |    10 ||    10
  Use: Scroll            |       |     4 ||     4
       Potion            |       |     1 ||     1
 Stab: Sleeping          |     3 |     2 ||     5
  Eat: Chunk             |    10 |     5 ||    15
